 Dungeon Crawl Stone Soup version 0.25-a0-576-g50b708a4c4 (webtiles) character file.

Game seed: 1987992508396053383, levelgen mode: classic

345406 EnegeticOcto the Champion of Chaos (level 20, -1/180 HPs)
             Began as a Deep Dwarf Fighter on Mar 1, 2020.
             Was the Champion of Makhleb.
             Slain by a tentacled monstrosity (4 damage)
             ... on level 5 of the Realm of Zot.
             The game lasted 00:27:13 (21813 turns).

EnegeticOcto the Champion of Chaos (DDFi)          Turns: 21813, Time: 00:27:14

Health: -1/180     AC: 26    Str: 29    XL:     20   Next: 80%
Magic:  0/0        EV:  4    Int: 10    God:    Makhleb [******]
Gold:   1874       SH: 14    Dex: 12    Spells: 19/19 levels left

rFire    + + +     SeeInvis .   a - +1 broad axe (freeze)
rCold    + + +     Gourm    .   c - +0 kite shield
rNeg     + . .     Faith    .   F - +4 gold dragon scales
rPois    +         Spirit   .   L - +2 helmet {Int+3}
rElec    +         Reflect  .   C - scarf {rC+ rF+}
rCorr    +         Harm     .   B - +1 pair of gloves
MR       +++..                  s - +0 pair of boots
Stlth    ..........             (no amulet)
HPRegen  0.00/turn              x - ring "Yroaq" {Wiz rElec rF+}
MPRegen  0.07/turn              o - ring of poison resistance

@: about to teleport, resistant, non-regenerating, slowed, constricted, lightly
drained, very slow
A: damage resistance, heal wounds, talons 1, blurry vision 1, deformed body,
dopey 1, fire resistance 1, frail 1, negative energy resistance 1, sense
surroundings 3, evolution 2, no potion heal 1, sturdy frame 1, no regeneration
}: 3/15 runes: decaying, serpentine, abyssal
a: Heal Wounds, Minor Destruction, Lesser Servant of Makhleb, Major Destruction,
Greater Servant of Makhleb, Renounce Religion


You were on level 5 of the Realm of Zot.
You worshipped Makhleb.
Makhleb was exalted by your worship.
You were full.

You visited 7 branches of the dungeon, and saw 41 of its levels.
You visited the Abyss 1 time.

You collected 3066 gold pieces.
You spent 1192 gold pieces at shops.

Inventory:

Hand Weapons
 a - a +1 broad axe of freezing (weapon)
Missiles
 g - a throwing net (quivered)
Armour
 c - a +0 kite shield (worn)
 s - a +0 pair of boots (worn)
 y - a +1 cloak
 B - a +1 pair of gloves (worn)
 C - a scarf of resistance (worn)
 F - +4 gold dragon scales (worn)
 I - the +9 plate armour of the Gardener {rN+++ MP+9 Int-3 SInv}
   (You bought it in a shop on level 5 of the Dungeon)

   It affects your intelligence (-3).
   It renders you almost immune to negative energy.
   It affects your magic capacity (+9).
   It lets you see invisible.
   If you switch to wearing this armour, your AC will increase by 2 (26 -> 28).
 L - a +2 helmet of intelligence (worn)
Jewellery
 o - a ring of poison resistance (right hand)
 x - the ring "Yroaq" (left hand) {Wiz rElec rF+}
   (You acquired it on level 5 of the Dungeon)

   [ring of wizardry]

   It improves your spell success rate.
   It protects you from fire.
   It insulates you from electricity.
Wands
 p - a wand of paralysis (18)
 u - a wand of polymorph (33)
 v - a wand of digging (7) {@v2}
 w - a wand of clouds (8)
 D - a wand of scattershot (2)
 G - a wand of iceblast (23)
 T - a wand of flame (50)
Scrolls
 l - 3 scrolls of teleportation {@r2}
 A - 6 scrolls of remove curse {@r6}
 E - 3 scrolls of silence
 M - 2 scrolls of fog
 P - 12 scrolls of identify {@r1}
Potions
 b - a potion of mutation
 d - 5 potions of curing {@q1}
 i - 5 potions of lignification {@q7}
 j - a potion of stabbing {@q5}
 m - 2 potions of resistance {@q6}
 q - a potion of magic
 r - a potion of cancellation
 t - a potion of ambrosia
 K - 3 potions of flight
Miscellaneous
 z - a phantom mirror
 H - a lamp of fire
Comestibles
 e - 36 rations


   Skills:
 * Level 17.5(17.2) Fighting
 * Level 20.1(19.8) Axes
 + Level 15.1(14.8) Armour
 - Level 15.0(14.7) Shields
 * Level 22.6(22.4) Invocations


You had 19 spell levels left.
You didn't know any spells.
Your spell library was empty.

Dungeon Overview and Level Annotations

Branches:
Dungeon (15/15)            Temple (0/1) D:5            Lair (6/6) D:11
  Swamp (4/4) Lair:2        Snake (4/4) Lair:4          Orc (2/2) D:12
 Vaults (0/5) D:14         Depths (5/5) D:15            Zot (5/5) Depths:5
  Slime: Lair:5-6       Elf: Orc:2

Altars:
Ashenzari
Cheibriados
Elyvilon
Fedhas
Hepliaklqana
Makhleb
Qazlal
Ru
Sif Muna
Uskayaw
Xom
Yredelemnul
Zin
Beogh

Shops:
D:5 [?(   Orc:2 (

Portals:
Hell: Depths:4
Abyss: Depths:5

Annotations:
D:8 exclusion: door
D:13 1 runed translucent door, Cusualon's ghost, journeyman DrSk
Zot:3 1 runed translucent door, Taenn's ghost, master MiBe


Innate Abilities, Weirdness & Mutations

You are resistant to damage.
You can heal yourself by infusing magical energy.
You resist negative energy. (rN+)
You passively map a large area around you.
You do not regenerate.
You have sharp toenails.
Scrolls take you a little longer to read.
Armour fits poorly on your strangely shaped body.
You are dopey. (Int -2)
Your flesh is heat resistant. (rF+)
You are frail. (-10% HP)
You rapidly evolve.
Potions are less effective at restoring your health.
Your movements are slightly less encumbered by armour. (ER -2)


Message History

The orb of fire emits a lurid red light.
The bolt of fire hits you! You resist.
* * * LOW HITPOINT WARNING * * *
You block the Executioner's attack.
The Executioner hits you but does no damage. x2
Something touches you.
Okay, then.
You closely miss something.
You hit the Executioner but do no damage.
You miss the orb of fire. You barely miss the orb of fire.
You slice the orb of fire!! You freeze the orb of fire.
You block the Executioner's attack.
The Executioner hits you but does no damage. x3
The Executioner barely misses you.
The Executioner hits you but does no damage.
The orb of fire glows deep purple.
Strange energies course through your body.
You feel less encumbered by your armour.
The orb of fire glows yellow.
The bolt of fire hits you! You resist.
* * * LOW HITPOINT WARNING * * *
You miss something. You barely miss the Executioner.
You hit the orb of fire but do no damage.
You hit the orb of fire.
You hit the orb of fire but do no damage.
You block the Executioner's attack.
The Executioner hits you but does no damage. x2
You block the Executioner's attack.
The Executioner hits you but does no damage.
The Executioner hits you.
* * * LOW HITPOINT WARNING * * *
The Killer Klown blinks!
You hear some strange, mumbled words.
You feel yourself slow down.
The swamp drake breathes noxious fumes at you.
The noxious blast engulfs the orb of fire but does no damage.
The yellow draconian stormcaller is engulfed in noxious fumes.
You slash the Executioner! You freeze the Executioner.
The Executioner is moderately wounded.
You slash something! You closely miss the orb of fire. x2
Your gold dragon scales prevents you from hitting the orb of fire.
The Executioner barely misses you. The Executioner hits you.
* * * LOW HITPOINT WARNING * * *
The Executioner hits you but does no damage.
The Executioner hits you!
* * * LOW HITPOINT WARNING * * *
The Executioner hits you but does no damage. x2
The orb of fire glows yellow.
The bolt of fire hits you! You resist.
* * * LOW HITPOINT WARNING * * *
The rime drake is engulfed in noxious fumes.
The rime drake appears confused.
The rime drake misses the orb of fire.
The rime drake bites itself!
The lindwurm breathes flames at you.
The blast of flame hits the orb of fire.
The orb of fire completely resists.
The blast of flame hits you. You resist. Something touches you!
* * * LOW HITPOINT WARNING * * *
You partially resist.
You feel drained.
The yellow draconian stormcaller is engulfed in noxious fumes.
You miss the orb of fire.
You hit the orb of fire but do no damage.
You hit the tentacled monstrosity. You hit something but do no damage.
You miss the orb of fire.
The orb of fire glows yellow.
The bolt of fire hits you! You resist.
* * * LOW HITPOINT WARNING * * *
The orb of fire glows deep purple.
The bolt of fire misses you. You block something's attack.
The ancient lich gestures wildly while chanting.
The ancient lich seems to speed up.
The orb of fire glows yellow.
The bolt of fire misses you.
The rime drake is engulfed in noxious fumes.
The rime drake appears confused.
The rime drake bites the ancient lich but does no damage.
The electric golem blinks!
The yellow draconian stormcaller is engulfed in noxious fumes.
You miss the orb of fire. x2
You hit the tentacled monstrosity but do no damage.
You slash something! You freeze something. You miss the orb of fire.
The orb of fire glows red.
Strange energies course through your body.
You feel frail.
The orb of fire glows deep purple.
The bolt of fire hits you. You resist.
The tentacled monstrosity tentacle-slaps you but does no damage. x3
The tentacled monstrosity grabs you.
The tentacled monstrosity constricts you.
Something touches you but does no damage.
The rime drake is engulfed in noxious fumes.
The rime drake appears confused.
The orb of fire glows yellow.
The bolt of fire hits you. You resist.
* * * LOW HITPOINT WARNING * * *
The yellow draconian stormcaller is engulfed in noxious fumes.
The tentacled monstrosity completely misses you.
The tentacled monstrosity tentacle-slaps you but does no damage.
You block the tentacled monstrosity's attack.
You die...

▓▓▓▓▓▓▓▓▓▓▓▓▓▓
*▓...LX@*q°.?.. *
** ....d1{**°°....
, .....plLk°..... ,
,** .....k.k§§.....
, ...8........^.^,
, , *
............... *
...............,,,,
, *
.........^^....,, ,
, , , ,, ,


You could see 3 orbs of fire, a Killer Klown, an electric golem, a tentacled
monstrosity, 2 ancient liches, a purple draconian, a yellow draconian
stormcaller, an Executioner, a lindwurm, a komodo dragon, a rime drake
(confused) and a swamp drake.

Vanquished Creatures
  An orb of fire (Zot:5)
  the Lernaean hydra (Swamp:4)
  Saint Roka (Snake:2)
  Nikola (Swamp:1)
  2 golden dragons
  2 bone dragons
  6 tentacled monstrosities
  Jorgrun (D:12)
  A lich (Depths:4)
  4 quicksilver dragons
  A sphinx (Depths:1)
  3 tentacled starspawn
  A death cob (Zot:5)
  6 shadow dragons
  A thorn hunter (Abyss:4)
  7 nagarajas
  8 fire giants
  4 draconian monks
  3 frost giants
  A storm dragon (Zot:3)
  3 draconian knights
  A deep elf sorcerer (Abyss:2)
  5 draconian shifters
  An iron dragon (Depths:5)
  3 draconian scorchers (Zot:4)
  A draconian stormcaller (Zot:2)
  Aizul (Swamp:4)
  2 cacodemons (Abyss:1)
  10 very ugly things
  5 spriggan defenders
  3 stone giants
  A vampire knight (Depths:2)
  A draconian annihilator (Zot:4)
  Nessos (D:12)
  4 dire elephants (Abyss:3)
  4 green draconians
  5 black draconians
  6 white draconians
  6 red draconians
  6 yellow draconians
  4 purple draconians (Zot:4)
  Snorg (D:11)
  A merfolk javelineer (Depths:1)
  5 fire dragons
  4 ettins
  4 yaktaur captains
  Erolcha (D:10)
  4 vault guards (D:14)
  2 great orbs of eyes
  13 hydras
  3 rakshasas
  4 naga warriors (Snake:4)
  A shambling mangrove (Swamp:3)
  A spriggan air mage (Depths:5)
  2 centaur warriors
  3 ice dragons
  A satyr (Abyss:4)
  4 anacondas (Snake:4)
  2 death knights
  5 two-headed ogres
  4 catoblepae
  5 tengu warriors
  3 alligators
  4 deep troll shamans
  7 naga sharpshooters
  3 deep troll earth magi
  A spriggan berserker (Depths:5)
  8 shock serpents
  9 thrashing horrors
  Nergalle (D:12)
  A storm dragon zombie (Depths:1)
  3 sixfirhies
  A salamander mystic (Snake:4)
  A golden dragon zombie (Abyss:4)
  26 large abominations
  6 skeletal warriors
  9 wretched stars
  2 spatial maelstroms
  3 iron trolls
  13 deep trolls
  An unseen horror (D:12)
  4 swamp dragons
  A glowing orange brain (Abyss:2)
  3 naga ritualists (Snake:4)
  A flayed ghost (Depths:1)
  3 orc knights
  4 mana vipers
  A phantasmal warrior (Abyss:2)
  A necromancer (Depths:1)
  A deep elf mage (Depths:4)
  4 worldbinders
  3 orc sorcerers (Orc:1)
  6 moths of wrath
  A manticore (D:12)
  5 ugly things
  7 cyclopes
  2 salamanders (Snake:4)
  16 black mambas
  Maurice (D:11)
  3 elephants (Abyss:3)
  12 guardian serpents
  6 naga magi
  A fire giant skeleton (Depths:1)
  An apocalypse crab (Abyss:4)
  7 smoke demons
  28 spiny frogs
  2 spiny frogs (shapeshifter)
  5 orange demons (Abyss:1)
  A spriggan zombie (Depths:1)
  3 freezing wraiths
  7 komodo dragons
  2 yaktaurs
  A yaktaur skeleton (Depths:1)
  A kobold demonologist (D:14)
  A tengu conjurer (D:14)
  5 ancient zymes
  13 tyrant leeches
  A wind drake (shapeshifter) (D:15)
  4 trolls
  16 slime creatures
  16 blink frogs (Lair:6)
  2 bog bodies
  A shadow dragon simulacrum (Abyss:3)
  8 hornets
  15 raiju
  8 hippogriffs
  3 shadows
  5 water elementals
  A fire dragon skeleton (Abyss:3)
  27 starcursed masses
  A wraith (Abyss:2)
  A wyvern (shapeshifter) (Depths:3)
  2 vampires (D:14)
  4 spriggans
  3 wyverns
  3 ynoxinuls
  A steam dragon (D:10)
  40 yaks
  4 golden eyes
  17 vampire mosquitoes
  3 hungry ghosts
  6 chaos spawn
  3 basilisks
  2 spatial vortices
  2 acid dragons
  6 swamp worms
  4 wargs
  A hell hound (Abyss:3)
  4 insubstantial wisps (Abyss:3)
  27 nagas
  5 water moccasins
  A water moccasin (shapeshifter) (D:15)
  6 porcupines
  A floating eye (Depths:5)
  8 swamp drakes
  13 orc warriors
  6 sky beasts
  19 small abominations
  3 ettin simulacra (Depths:4)
  3 ice beasts
  7 phantoms
  3 black bears
  A spiny frog skeleton (Abyss:3)
  11 ogres
  4 boggarts (Depths:2)
  22 centaurs
  A boggart (shapeshifter) (Abyss:2)
  3 eyes of draining
  22 wolves
  10 crocodiles
  3 big kobolds
  Blork the orc (D:5)
  28 bullfrogs
  2 wyvern skeletons
  3 scorpions
  9 killer bees
  13 wights
  7 howler monkeys
  5 electric eels
  11 crimson imps
  5 centaur zombies
  4 quasits
  4 bullfrog zombies
  8 centaur skeletons
  5 jellies
  4 bullfrog skeletons
  5 hounds
  13 orc priests
  4 iron imps
  20 orc wizards
  5 iguanas
  7 worker ants
  8 ogre zombies (D:12)
  2 hound skeletons
  2 worker ant zombies
  8 gnolls (D:3)
  12 adders
  5 shadow imps
  4 white imps
  An ufetubus (Abyss:1)
  7 oozes
  An adder skeleton (D:5)
  2 adder zombies
  3 worms
  3 leopard geckos
  76 orcs
  2 bats
  A giant cockroach (D:7)
  5 goblins
  6 hobgoblins
  15 jackals
  3 quokkas
  3 ball pythons
  3 frilled lizards
  2 goblin zombies (D:12)
  A hobgoblin skeleton (D:12)
  2 hobgoblin zombies (D:12)
  11 kobolds
  A leopard gecko skeleton (D:5)
  An orc skeleton (D:12)
  18 orc zombies (D:12)
  A quokka skeleton (D:5)
  A quokka zombie (D:8)
  3 rats
  A spectral orc (D:8)
  A briar patch (Abyss:4)
  4 fungi
  8 plants
  5 starspawn tentacles
1251 creatures vanquished.

Vanquished Creatures (collateral kills)
  A hellephant (Abyss:3)
  A fire giant (Depths:5)
  3 nagarajas (Snake:4)
  A very ugly thing (Depths:5)
  A spriggan defender (Depths:5)
  A stone giant (Depths:5)
  A green draconian (Depths:5)
  2 dire elephants (Abyss:3)
  2 white draconians (Depths:5)
  A fire dragon (Depths:5)
  An ice dragon (Depths:5)
  3 hydras (Swamp:4)
  3 naga warriors (Snake:4)
  7 anacondas (Snake:4)
  2 spriggan air magi (Depths:5)
  2 alligators (Swamp:4)
  A deep troll earth mage (Depths:1)
  2 naga sharpshooters (Snake:4)
  2 spriggans
  A naga ritualist (Snake:4)
  4 swamp dragons (Swamp:4)
  2 orc sorcerers (Orc:2)
  An ugly thing (Depths:5)
  A salamander (Snake:4)
  3 naga magi (Snake:4)
  A hornet (Depths:4)
  9 bog bodies (Swamp:4)
  2 slime creatures (Swamp:4)
  A shadow (D:11)
  2 swamp worms (Swamp:4)
  10 nagas (Snake:4)
  4 swamp drakes (Swamp:4)
78 creatures vanquished.

Vanquished Creatures (others)
  A yellow draconian (Zot:2)
  A slime creature (Swamp:1)
  A necromancer (Depths:4)
  A manticore (D:12)
  A naga mage (Snake:4)
  2 raiju (Abyss:4)
  A fire bat (Abyss:4)
  A naga (Snake:4)
  2 orcs (D:9)
  2 briar patches (Abyss:4)
  4 fungi
  A lurking horror (Abyss:4)
  31 plants
  6 starspawn tentacles
55 creatures vanquished.

Grand Total: 1384 creatures vanquished

Notes
Turn   | Place    | Note
-------+----------+-------------------------------------------
     0 | D:1      | EnegeticOcto the Deep Dwarf Fighter began the quest for the
                  | Orb.
     0 | D:1      | Reached XP level 1. HP: 20/20 MP: 1/1
   141 | D:1      | Reached XP level 2. HP: 27/27 MP: 2/2
   236 | D:2      | Found a shattered altar of Ashenzari.
   362 | D:2      | Reached XP level 3. HP: 25/34 MP: 3/3
   385 | D:2      | Found a blossoming altar of Fedhas.
   462 | D:3      | Reached XP level 4. HP: 37/42 MP: 3/3
   701 | D:3      | Reached XP level 5. HP: 50/50 MP: 4/4
   904 | D:4      | Reached XP level 6. HP: 48/57 MP: 5/5
   952 | D:4      | Found a burning altar of Makhleb.
   981 | D:4      | Became a worshipper of Makhleb the Destroyer
  1024 | D:4      | Reached skill level 1 in Invocations
  1269 | D:4      | Reached skill level 2 in Invocations
  1269 | D:4      | Reached XP level 7. HP: 43/66 MP: 6/6
  1290 | D:4      | Reached skill level 5 in Axes
  1506 | D:5      | Entered Level 5 of the Dungeon
  1550 | D:5      | Found a shimmering blue altar of Sif Muna.
  1560 | D:5      | Found Xecwa Wav's Antique Weapon Boutique.
  1573 | D:5      | Reached * piety under Makhleb
  1617 | D:5      | Noticed an angel
  1625 | D:5      | Reached skill level 3 in Invocations
  1640 | D:5      | Found a glowing silver altar of Zin.
  1640 | D:5      | Found a shimmering altar of Xom.
  1702 | D:5      | Reached skill level 5 in Fighting
  1705 | D:5      | Found Luaw's Antique Armour Shoppe.
  1727 | D:5      | Reached skill level 5 in Shields
  1737 | D:5      | Found a staircase to the Ecumenical Temple.
  1804 | D:5      | Found a hazy altar of Hepliaklqana.
  1882 | D:5      | Found Ucyoh's Magic Scroll Shoppe.
  2036 | D:5      | Reached skill level 5 in Armour
  2075 | D:5      | Noticed Blork the orc
  2085 | D:5      | Killed Blork the orc
  2085 | D:5      | Reached skill level 4 in Invocations
  2085 | D:5      | Reached XP level 8. HP: 64/74 MP: 5/7
  2319 | D:6      | Reached skill level 5 in Invocations
  2331 | D:6      | Reached ** piety under Makhleb
  2369 | D:6      | Found a burning altar of Makhleb.
  3123 | D:7      | Reached skill level 6 in Invocations
  3195 | D:7      | Gained mutation: You passively map the area around you.
                  | [Deep Dwarf growth]
  3195 | D:7      | Reached XP level 9. HP: 56/82 MP: 7/7
  3310 | D:7      | Found a hide-covered altar of Uskayaw.
  3608 | D:7      | Reached skill level 7 in Invocations
  3924 | D:8      | Found a basalt altar of Yredelemnul.
  4236 | D:8      | Found a white marble altar of Elyvilon.
  4257 | D:8      | Reached *** piety under Makhleb
  4363 | D:8      | Found a snail-covered altar of Cheibriados.
  4505 | D:9      | Found a stormy altar of Qazlal.
  4561 | D:9      | Reached skill level 8 in Invocations
  4570 | D:9      | Reached XP level 10. HP: 74/94 MP: 9/9
  4753 | D:9      | Found a sacrificial altar of Ru.
  4791 | D:9      | Reached skill level 9 in Invocations
  5218 | D:10     | Entered Level 10 of the Dungeon
  5474 | D:10     | Noticed Erolcha
  5491 | D:10     | Killed Erolcha
  5509 | D:10     | Reached skill level 10 in Invocations
  5681 | D:10     | Reached **** piety under Makhleb
  5731 | D:10     | Reached XP level 11. HP: 75/104 MP: 11/11
  5876 | D:11     | You fall into a shaft and drop 1 floor!
  5923 | D:12     | Reached skill level 10 in Axes
  6133 | D:12     | Noticed an unseen horror
  6160 | D:12     | Killed an unseen horror
  6160 | D:12     | Reached skill level 11 in Invocations
  6250 | D:12     | Noticed Jorgrun
  6302 | D:11     | Noticed Maurice
  6324 | D:11     | Killed Maurice
  6364 | D:11     | Noticed Psyche
  6365 | D:11     | Noticed Psyche
  6365 | D:11     | Psyche changed into Psyche the worm
  6370 | D:11     | Killed Psyche the worm
  6432 | D:11     | Noticed Snorg
  6460 | D:11     | Killed Snorg
  6497 | D:11     | Reached ***** piety under Makhleb
  6517 | D:11     | Found a staircase to the Lair.
  6837 | D:5      | Bought a scroll of acquirement for 520 gold pieces
  6837 | D:5      | Identified the ring "Yroaq" {Wiz rElec rF+} (You acquired
                  | it on level 5 of the Dungeon)
  6942 | D:12     | Noticed Nessos
  6947 | D:12     | Noticed Nergalle
  6960 | D:12     | Killed Nessos
  6960 | D:12     | Reached XP level 12. HP: 108/116 MP: 11/11
  6966 | D:12     | Killed Nergalle
  6994 | D:12     | Reached skill level 12 in Invocations
  7076 | D:12     | Found a shattered altar of Ashenzari.
  7108 | D:12     | Killed Jorgrun
  7108 | D:12     | Reached skill level 10 in Fighting
  7140 | D:12     | Found a staircase to the Orcish Mines.
  7272 | D:12     | Noticed a catoblepas
  7272 | D:12     | Noticed a catoblepas
  7340 | D:12     | Killed a catoblepas
  7353 | D:12     | Killed a catoblepas
  7545 | Orc:1    | Entered Level 1 of the Orcish Mines
  7616 | D:12     | Reached skill level 13 in Invocations
  7912 | Orc:2    | Entered Level 2 of the Orcish Mines
  8066 | Orc:2    | Found a roughly hewn altar of Beogh.
  8096 | Orc:2    | Found Elae's Antique Weapon Emporium.
  8178 | Orc:2    | Paralysed by an orc sorcerer for 4 turns
  8249 | Orc:2    | Noticed an orc warlord
  8274 | Orc:1    | Noticed a two-headed ogre
  8276 | Orc:1    | Reached XP level 13. HP: 97/126 MP: 10/10
  8723 | D:5      | Bought a faintly humming plate armour for 672 gold pieces
  8733 | D:5      | Identified the +9 plate armour of the Gardener {rN+++ MP+9
                  | Int-3 SInv} (You bought it in a shop on level 5 of the
                  | Dungeon)
  8866 | Lair:1   | Entered Level 1 of the Lair of Beasts
  9123 | Lair:2   | Reached ****** piety under Makhleb
  9156 | Lair:2   | Found a staircase to the Swamp.
  9721 | Lair:3   | Reached skill level 14 in Invocations
 10550 | Lair:4   | Found a staircase to the Snake Pit.
 10599 | Lair:4   | Reached skill level 10 in Armour
 10669 | Lair:4   | You fall into a shaft and drop 2 floors!
 10669 | Lair:6   | Entered Level 6 of the Lair of Beasts
 10679 | Lair:6   | Reached skill level 10 in Shields
 10752 | Lair:6   | Gained mutation: You resist negative energy. (rN+) [Deep
                  | Dwarf growth]
 10752 | Lair:6   | Reached XP level 14. HP: 125/136 MP: 12/12
 10989 | Lair:6   | Reached skill level 15 in Invocations
 11753 | Snake:1  | Entered Level 1 of the Snake Pit
 12270 | Snake:2  | Noticed Saint Roka
 12306 | Snake:2  | Killed Saint Roka
 12419 | Snake:4  | Entered Level 4 of the Snake Pit
 12579 | Snake:4  | Reached skill level 16 in Invocations
 12912 | Snake:4  | Reached XP level 15. HP: 76/146 MP: 12/12
 12970 | Snake:4  | Noticed a nagaraja
 12970 | Snake:4  | Noticed a nagaraja
 12979 | Snake:4  | Noticed a nagaraja
 12981 | Snake:4  | Killed a nagaraja
 12985 | Snake:4  | Killed a nagaraja
 12989 | Snake:4  | Noticed a nagaraja
 12989 | Snake:4  | Noticed a nagaraja
 12992 | Snake:4  | Killed a nagaraja
 12992 | Snake:4  | Reached skill level 15 in Axes
 12994 | Snake:4  | Killed a nagaraja
 13008 | Snake:4  | Killed a nagaraja
 13017 | Snake:4  | Noticed a nagaraja
 13018 | Snake:4  | Noticed a nagaraja
 13026 | Snake:4  | Killed a nagaraja
 13026 | Snake:4  | Reached skill level 17 in Invocations
 13028 | Snake:4  | Noticed a nagaraja
 13029 | Snake:4  | Noticed a nagaraja
 13038 | Snake:4  | Killed a nagaraja
 13048 | Snake:4  | Killed a nagaraja
 13054 | Snake:4  | Killed a nagaraja
 13083 | Snake:4  | Got a serpentine rune of Zot
 13328 | Swamp:1  | Entered Level 1 of the Swamp
 13458 | Swamp:1  | Noticed Nikola
 13504 | Swamp:1  | Killed Nikola
 13504 | Swamp:1  | Reached XP level 16. HP: 102/158 MP: 8/8
 13984 | Swamp:4  | Entered Level 4 of the Swamp
 13984 | Swamp:4  | Noticed Aizul
 13997 | Swamp:4  | Killed Aizul
 14134 | Swamp:4  | Reached skill level 18 in Invocations
 14202 | Swamp:4  | Noticed the 27-headed Lernaean hydra
 14205 | Swamp:4  | Killed the 27-headed Lernaean hydra
 14213 | Swamp:4  | Got a decaying rune of Zot
 14486 | D:13     | You fall into a shaft and drop 1 floor!
 14524 | D:14     | Found a gate to the Vaults.
 14631 | D:13     | Got a crude bronze amulet
 14641 | D:13     | Found a runed translucent door.
 14641 | D:13     | Found a shimmering altar of Xom.
 14641 | D:13     | Noticed Cusualon's ghost (journeyman DrSk)
 14888 | D:13     | Found a white marble altar of Elyvilon.
 15366 | D:14     | Found a stormy altar of Qazlal.
 15882 | D:15     | Entered Level 15 of the Dungeon
 15902 | D:15     | Found a staircase to the Depths.
 15915 | D:15     | Reached XP level 17. HP: 168/168 MP: 10/10
 16414 | D:15     | Identified the amulet "Tilupass" {Harm *Corrode *Drain
                  | Str+9 Int-3 Stlth+} (You found it on level 13 of the
                  | Dungeon)
 16447 | Depths:1 | Entered Level 1 of the Depths
 16488 | Depths:1 | Reached skill level 19 in Invocations
 16768 | Depths:2 | Noticed a lich
 16901 | Depths:3 | Reached skill level 15 in Fighting
 17246 | Depths:4 | Found a gateway to Hell.
 17402 | Depths:4 | Noticed a lich
 17424 | Depths:4 | Killed a lich
 17459 | Depths:5 | Entered Level 5 of the Depths
 17483 | Depths:5 | Gained mutation: You passively map a large area around you.
                  | [Deep Dwarf growth]
 17483 | Depths:5 | Reached XP level 18. HP: 110/178 MP: 3/3
 17593 | Depths:5 | Reached skill level 20 in Invocations
 18094 | Depths:5 | Found a gate to the Realm of Zot.
 18098 | Depths:5 | Found a one-way gate to the infinite horrors of the Abyss.
 18145 | Depths:5 | Voluntarily entered the Abyss.
 18191 | Abyss:1  | Gained mutation: You are dopey. (Int -2) [a cacodemon]
 18205 | Abyss:1  | Gained mutation: Your magical capacity is low. (-10% MP) [a
                  | cacodemon]
 18761 | Abyss:1  | Noticed a bone dragon
 18796 | Abyss:1  | Killed a bone dragon
 19169 | Abyss:2  | Noticed a bone dragon
 19186 | Abyss:2  | Reached XP level 19. HP: 179/188 MP: 0/0
 19204 | Abyss:2  | Killed a bone dragon
 19339 | Abyss:2  | Reached skill level 21 in Invocations
 19989 | Abyss:3  | Gained mutation: Your body sometimes deteriorates upon
                  | taking damage. [a neqoxec]
 19997 | Abyss:3  | Gained mutation: You are clumsy. (Dex -2) [a neqoxec]
 20018 | Abyss:3  | Noticed a hellephant
 20037 | Abyss:3  | Killed a hellephant
 20530 | Abyss:4  | Got an abyssal rune of Zot
 20542 | Abyss:4  | Paralysed by accursed screaming for 1 turns
 20595 | Abyss:5  | Entered Level 5 of the Abyss
 20633 | Depths:5 | Escaped the Abyss
 20764 | Zot:1    | Entered Level 1 of the Realm of Zot
 20897 | Zot:1    | Noticed a golden dragon
 20907 | Zot:1    | Killed a golden dragon
 21051 | Zot:1    | Lost mutation: You are dopey. (Int -2) [potion of mutation]
 21051 | Zot:1    | Lost mutation: You are clumsy. (Dex -2) [potion of
                  | mutation]
 21051 | Zot:1    | Gained mutation: Your flesh is heat resistant. (rF+)
                  | [potion of mutation]
 21051 | Zot:1    | Gained mutation: You evolve. [potion of mutation]
 21052 | Zot:1    | Lost mutation: Your body sometimes deteriorates upon taking
                  | damage. [potion of mutation]
 21052 | Zot:1    | Lost mutation: Your magical capacity is low. (-10% MP)
                  | [potion of mutation]
 21052 | Zot:1    | Gained mutation: You have sharp toenails. [potion of
                  | mutation]
 21115 | Zot:2    | Reached XP level 20. HP: 168/200 MP: 2/2
 21158 | Zot:2    | Reached skill level 22 in Invocations
 21177 | Zot:2    | Gained mutation: You rapidly evolve. [evolution]
 21313 | Zot:3    | Found a shimmering altar of Xom.
 21313 | Zot:3    | Identified the +5 glaive of the Valley of Death {chaos,
                  | SInv}
 21313 | Zot:3    | Noticed Taenn's ghost (master MiBe)
 21326 | Zot:3    | Found a runed translucent door.
 21430 | Zot:4    | Noticed a golden dragon
 21448 | Zot:4    | Killed a golden dragon
 21683 | Zot:4    | Reached skill level 15 in Armour
 21743 | Zot:5    | Entered Level 5 of the Realm of Zot
 21743 | Zot:5    | Noticed an orb of fire
 21751 | Zot:5    | Gained mutation: You are dopey. (Int -2) [an orb of fire]
 21767 | Zot:5    | Gained mutation: Armour fits poorly on your strangely
                  | shaped body. [an orb of fire]
 21776 | Zot:5    | Killed an orb of fire
 21776 | Zot:5    | Reached skill level 15 in Shields
 21782 | Zot:5    | Noticed an ancient lich
 21782 | Zot:5    | Noticed an orb of fire
 21790 | Zot:5    | Gained mutation: Potions are less effective at restoring
                  | your health. [an orb of fire]
 21793 | Zot:5    | Noticed a Killer Klown
 21800 | Zot:5    | Noticed an orb of fire
 21803 | Zot:5    | Noticed an orb of fire
 21803 | Zot:5    | Noticed an ancient lich
 21805 | Zot:5    | Noticed an ancient lich
 21808 | Zot:5    | Gained mutation: Scrolls take you a little longer to read.
                  | [an orb of fire]
 21809 | Zot:5    | Gained mutation: Your movements are slightly less
                  | encumbered by armour. (ER -2) [an orb of fire]
 21812 | Zot:5    | HP: 5/201 [orb of fire/bolt of fire (8)]
 21813 | Zot:5    | Gained mutation: You are frail. (-10% HP) [an orb of fire]
 21813 | Zot:5    | Slain by a tentacled monstrosity

Levels and vault maps discovered:
D:1:      dpeg_arrival_court, layout_loops_cross
D:2:      layout_basic, ashenzari_altar_1, old_standard_altar
D:3:      layout_loops_corners, uniq_sigmund
D:4:      layout_cave_pools, first_ration, bloody_makhleb
D:5:      layout_rooms, grunt_temple_overflow_order_and_chaos_1,
          lemuel_coloured_pillars_altar, kennysheep_mini,
          minmay_temple_entry_mist, serial_shops, shop, nicolae_shop_stone,
          shop, kennysheep_cluttered_room, minmay_misc_feat_ornament,
          uniq_blork_the_orc
D:6:      layout_basic, nicolae_overflow_crystal_walls
D:7:      minmay_evil_eye, layout_loops_ring, nicolae_overflow_hidden_temple,
          uniq_harold
D:8:      layout_basic, old_standard_altar, yredelemnul_forgotten_temple_becter,
          cheibrodos_worm_habitat
D:9:      cheibrodos_helix_gallery, layout_basic, overflow_temple_1_default,
          nicolae_ru_awakened_eye, grunt_pizzeria
D:10:     layout_roguey, minmay_crystal_room, chequers_serial_rivers_marsh,
          uniq_erolcha
D:11:     layout_roguey, grunt_lair_entry_orc_guard_hut, uniq_psyche,
          uniq_snorg, uniq_maurice
D:12:     nzn_motion_control, layout_long_grid, zombieorc2_lemuel, basic_altar,
          wad_rectangle_vault, uniq_nessos, uniq_nergalle, uniq_jorgrun
D:13:     layout_roguey, ebering_ghost_xom, basic_altar
D:14:     layout_stronghold, lightli_vaults_fourway_checkpoint,
          old_standard_altar
D:15:     grunt_enter_depths_giant_problem, layout_basic, minivault_4
Lair:1:   layout_cave_pods, gammafunk_ghost_ooze, disabler_island,
          grunt_megastairs_4, lemuel_fruit_tree
Lair:2:   layout_roguey, minmay_swamp_entry_swarm
Lair:3:   layout_cave_pods
Lair:4:   layout_big_grid, minmay_snake_entry_guardpost_small,
          serial_bayou_lake_a, grunt_megastairs_3
Lair:5:   layout_regular_city, minmay_slime_entry_jelly_boxes,
          infiniplex_staircase_pool_2
Lair:6:   minmay_lair_end_frog_pond, layout_regular_city
Swamp:1:  layout_falls_marsh, nicolae_swamp_fairy_circle, uniq_nikola
Swamp:2:  layout_basic_swamp, nicolae_swamp_orc_logging_accident,
          st_swamp_ruins_1
Swamp:3:  layout_falls_marsh, infiniplex_staircase_pool
Swamp:4:  grunt_swamp_rune_castle, layout_basic_swamp,
          gammafunk_ghost_hydra_chop, swamp_pool1, uniq_aizul, uniq_louise
Snake:1:  layout_onion, nicolae_coiled_stairwell_down
Snake:2:  layout_honeycomb, uniq_saint_roka
Snake:3:  layout_basic, statue_in_the_mist_lemuel, grunt_ministairs_13,
          minmay_shop_grove, uniq_vashnia
Snake:4:  grunt_snake_rune_serpentine_throne, layout_misc_corridors,
          st_stairs_11
Orc:1:    layout_caves
Orc:2:    grunt_orc_community_town_hall, layout_caves,
          grunt_orc_community_big_house_2, grunt_orc_community_big_house_2,
          grunt_orc_community_house_3, grunt_orc_community_house_3,
          grunt_orc_community_house_3, grunt_orc_community_house_1,
          grunt_orc_community_house_3, special_room, uniq_sonja
Depths:1: layout_cave_pools, hangedman_geh_valley, nicolae_two_hexagons,
          lightli_gold_pyramid
Depths:2: grunt_house_of_mirrors, layout_gridlike, interstate_on_off,
          hell_entry, abyss_entry, rand_demon_pan_entry_8,
          infiniplex_staircase_pillars_1
Depths:3: minmay_the_grid_octo_tiled_octocenter_mashed
          [minmay_the_grid_octo_fat_diamond, minmay_the_grid_octo_clover_2,
          minmay_the_grid_octo_toaster, minmay_the_grid_octo_tetromino_candy,
          minmay_the_grid_octo_prize_big_c, minmay_the_grid_square_5x5_slash,
          minmay_the_grid_square_5x5_c, minmay_the_grid_square_5x5_bite,
          minmay_the_grid_square_5x5_bridge], layout_gridlike, enter_ziggurat_c,
          grunt_mini_vestibule, grunt_pan_entry_zigzag, minmay_misc_feat_chi,
          minmay_holes
Depths:4: hangedman_elemental_death_ray, layout_small_grid, hell_entry,
          nicolae_abyss_entry_one_way_or_another, minmay_misc_feat_five,
          pan_entry, kennysheep_crisscross, ebering_dispersal_statue_hall,
          minmay_fire_ice_demons
Depths:5: grunt_twist_and_shout, layout_cave_pools, minmay_fountain_box,
          abyss_entry, grunt_hell_entry_dis_grunt, guppyfry_shop_earth
Zot:1:    layout_twisted_circle, gammafunk_ghost_split
Zot:2:    layout_onion, gammafunk_ghost_tricky_traps, st_stairs_4
Zot:3:    layout_gridlike, ebering_ghost_xom
Zot:4:    ebering_klown_carousel, layout_concentric_octagons, grunt_ministairs_8
Zot:5:    layout_cathedral_of_symmetry

Skill      XL: |  1  2  3  4  5  6  7  8  9 10 11 12 13 14 15 16 17 18 19 20 |
---------------+-------------------------------------------------------------+-----
Fighting       | 3 4 5 6 7 8 9 10 11 12 13 14 15 16 17 | 17.5
Axes           | 3 4 5 7 8 9 11 12 13 14 15 16 17 18 19 20 | 20.1
Shields        | 4 5 6 7 8 9 10 11 12 13 14 15 | 15.0
Armour         | 4 5 6 7 8 9 10 11 12 13 14 15 | 15.1
Invocations    | 2 4 6 8 10 11 13 14 16 17 18 19 20 21 22 | 22.6

Action                   |  1- 3 |  4- 6 |  7- 9 | 10-12 | 13-15 | 16-18 | 19-21 || total
-------------------------+-------+-------+-------+-------+-------+-------+-------++-------
Melee: War axe           |    78 |   178 |   399 |   826 |  1129 |   827 |       ||  3437
       Broad axe         |       |       |       |       |       |   868 |  1058 ||  1926
Invok: Lesser Servant of |       |       |       |     3 |     6 |     5 |       ||    14
       Greater Servant o |       |       |       |       |     7 |    10 |     2 ||    19
 Abil: Heal Wounds       |     1 |     5 |    10 |    28 |    21 |    42 |     8 ||   115
Evoke: Wand              |       |       |       |     7 |       |     5 |       ||    12
       Lamp of fire      |       |       |       |       |       |     1 |     1 ||     2
  Use: Scroll            |       |       |    19 |     5 |    12 |     7 |    12 ||    55
       Potion            |       |       |       |     1 |     5 |    10 |    18 ||    34
 Stab: Paralysed         |       |       |       |     8 |       |       |       ||     8
       Confused          |       |       |       |     8 |     1 |     1 |     5 ||    15
       Distracted        |       |       |       |     2 |     2 |     8 |       ||    12
       Petrified         |       |       |       |     6 |       |       |       ||     6
       Sleeping          |       |       |       |       |       |       |    20 ||    20
       Invisible         |       |       |       |       |       |       |     7 ||     7
  Eat: Chunk             |       |     2 |    10 |    14 |    19 |    16 |     1 ||    62
       Ration            |       |       |     4 |       |       |     4 |     3 ||    11
Armor: Scale mail        |    30 |    86 |    73 |       |       |       |       ||   189
       Chain mail        |       |       |    92 |   438 |    13 |       |       ||   543
       Plate armour      |       |       |       |       |   881 |  1280 |   378 ||  2539
       Gold dragon scale |       |       |       |       |       |       |   393 ||   393
Dodge: Dodged            |    21 |    61 |    83 |   234 |   286 |   457 |   268 ||  1410
Block: Kite shield       |    42 |   116 |   212 |   490 |   822 |  1144 |   666 ||  3492

Table legend:
 A = Non-vault XP
 B = Vault XP
 C = Vault XP percentage of total XP
 D = Non-vault monster count
 E = Vault monster count
 F = Vault count percentage of total count
                 A         B        C        D         E       F
            +---------+---------+-------+---------+---------+-------
      Total |  394509 |  169008 |  30.0 |     968 |     346 |  26.3
            +---------+---------+-------+---------+---------+-------
        D:1 |      22 |       0 |   0.0 |      12 |       0 |   0.0
        D:2 |      41 |       0 |   0.0 |      17 |       0 |   0.0
        D:3 |     222 |       0 |   0.0 |      24 |       0 |   0.0
        D:4 |     515 |       0 |   0.0 |      37 |       0 |   0.0
        D:5 |     702 |      96 |  12.0 |      26 |       1 |   3.7
        D:6 |     833 |       0 |   0.0 |      18 |       0 |   0.0
        D:7 |    1505 |     109 |   6.8 |      29 |       2 |   6.5
        D:8 |     258 |       1 |   0.4 |       7 |       1 |  12.5
        D:9 |    2962 |     359 |  10.8 |      28 |       3 |   9.7
       D:10 |    2739 |    1042 |  27.6 |      27 |       1 |   3.6
       D:11 |    2559 |    2099 |  45.1 |      28 |       7 |  20.0
       D:12 |    7695 |    9548 |  55.4 |      41 |      48 |  53.9
       D:13 |    5438 |       0 |   0.0 |      38 |       0 |   0.0
       D:14 |   13765 |    8614 |  38.5 |      35 |      12 |  25.5
       D:15 |    4521 |    1929 |  29.9 |      20 |       1 |   4.8
     Lair:1 |    1597 |    1383 |  46.4 |       7 |       6 |  46.2
     Lair:2 |    2798 |     527 |  15.8 |      11 |       3 |  21.4
     Lair:3 |    2722 |       0 |   0.0 |      13 |       0 |   0.0
     Lair:4 |    4458 |    1314 |  22.8 |      23 |      10 |  30.3
     Lair:5 |    1116 |       0 |   0.0 |       7 |       0 |   0.0
     Lair:6 |    3489 |   13137 |  79.0 |      16 |      51 |  76.1
    Swamp:1 |   10698 |    3110 |  22.5 |      29 |       1 |   3.3
    Swamp:2 |    1562 |       0 |   0.0 |       4 |       0 |   0.0
    Swamp:3 |    7693 |       0 |   0.0 |      20 |       0 |   0.0
    Swamp:4 |    3878 |   16578 |  81.0 |      12 |      32 |  72.7
    Snake:1 |    7831 |       0 |   0.0 |      17 |       0 |   0.0
    Snake:2 |     924 |    4139 |  81.7 |       2 |      12 |  85.7
    Snake:3 |     827 |       0 |   0.0 |       1 |       0 |   0.0
    Snake:4 |   17734 |   37532 |  67.9 |      38 |      68 |  64.2
      Orc:1 |    5273 |       0 |   0.0 |      24 |       0 |   0.0
      Orc:2 |    2695 |     445 |  14.2 |      16 |      13 |  44.8
   Depths:1 |   29564 |       0 |   0.0 |      35 |       0 |   0.0
   Depths:2 |    3869 |       0 |   0.0 |       7 |       0 |   0.0
   Depths:3 |    7332 |    7373 |  50.1 |       8 |       6 |  42.9
   Depths:4 |   14740 |    3105 |  17.4 |      14 |       6 |  30.0
   Depths:5 |   37548 |   19323 |  34.0 |      38 |      17 |  30.9
      Zot:1 |   20044 |       0 |   0.0 |      11 |       0 |   0.0
      Zot:2 |   16997 |    3291 |  16.2 |      11 |       2 |  15.4
      Zot:3 |   10151 |       0 |   0.0 |       6 |       0 |   0.0
      Zot:4 |   38156 |    8804 |  18.7 |      23 |       6 |  20.7
      Zot:5 |   13859 |     505 |   3.5 |       3 |       1 |  25.0
    Abyss:1 |   27101 |    2011 |   6.9 |      51 |       2 |   3.8
    Abyss:2 |   18686 |       0 |   0.0 |      40 |       0 |   0.0
    Abyss:3 |   31112 |   13112 |  29.6 |      78 |      18 |  18.8
    Abyss:4 |    5504 |    9258 |  62.7 |      15 |       9 |  37.5
    Abyss:5 |     774 |     264 |  25.4 |       1 |       7 |  87.5
            +---------+---------+-------+---------+---------+-------
